 Dungeon Crawl Stone Soup version 0.31-a0-636-ge1c0e020e0 (webtiles) character file.

Game seed: 704843264767091114

65 thirtiethelement the Trooper (level 3, -5/29 HPs)
             Began as a Demonspawn Fighter on Aug 27, 2023.
             Slain by a gnoll
             ... wielding a +0 spear
              (8 damage)
             ... on level 2 of the Dungeon.
             The game lasted 00:02:10 (1632 turns).

thirtiethelement the Trooper (Demonspawn Fighter)   Turns: 1632, Time: 00:02:10

Health: -5/29      AC: 10    Str: 20    XL:     3   Next: 92%
Magic:  3/3        EV:  7    Int:  9    God:
Gold:   45         SH:  4    Dex: 12    Spells: 2/2 levels left

rFire   . . .        a - +0 war axe
rCold   + . .        c - +0 buckler
rNeg    . . .        u - +0 chain mail {rC+}
rPois   .            (helmet restricted)
rElec   .            (no cloak)
rCorr   .            p - +0 pair of gloves
SInv    .            (no boots)
Will    +....        (no amulet) Stlth
                     j - ring "Senteore" {Will+ Str+2}
HPRegen 0.24/turn    (no ring)
MPRegen 0.08/turn

%: no passive effects
@: no status effects
A: horns 1, ignite blood 1
a: no special abilities


You were on level 2 of the Dungeon.
You visited 1 branch of the dungeon, and saw 2 of its levels.

You collected 45 gold pieces.

Inventory:

Hand Weapons
 a - a +0 war axe (weapon)
Armour
 c - a +0 buckler (worn)
 p - a +0 pair of gloves (worn)
 u - a +0 chain mail of cold resistance (worn)
Jewellery
 j - the ring "Senteore" (left hand) {Will+ Str+2}
   (You acquired it on level 2 of the Dungeon)

   [ring of willpower]

   Str+2:     It affects your strength (+2).
   Will+:     It increases your willpower.
Talismans
 k - a flux talisman
Scrolls
 f - a scroll of identify
 g - 3 scrolls of noise
 i - 2 scrolls of enchant weapon
 m - 2 scrolls of fear {unknown}
 n - a scroll of immolation {unknown}
 o - a scroll of amnesia {unknown}
 r - a scroll of blinking {unknown}
 t - a scroll of enchant armour {unknown}
Potions
 d - a potion of might
 e - 2 potions of heal wounds {unknown}
 h - 3 potions of curing {unknown}
 l - 2 potions of attraction {unknown}
 q - a potion of haste {unknown}
 s - a potion of mutation {unknown}


   Skills:
 + Level 3.4 Fighting
 + Level 2.5 Axes
 + Level 3.1 Armour
 + Level 0.3 Dodging
 + Level 3.2 Shields


You had 2 spell levels left.
You didn't know any spells.
Your spell library contained the following spells:

 Spells                   Type           Power      Damage    Failure   Level
 Apportation              Tloc           0%         N/A       98%         1
 Shock                    Conj/Air       0%         1d3       98%         1
 Swiftness                Air            0%         N/A       100%        3
 Airstrike                Air            0%         2d(0-16)  100%        4
 Alistair's Intoxication  Tmut/Pois      0%         N/A       100%        5


Dungeon Overview and Level Annotations

Branches:
Dungeon (2/15)

Altars:


Innate Abilities, Weirdness & Mutations

You have a pair of small horns on your head.
Your demonic aura sometimes causes spilled blood to erupt in flames.


Message History

You feel stronger.
j - the ring "Senteore" (left hand) {Will+ Str+2}
There is an open door here.
The gnoll shouts!
The gnoll shouts!
You hear a shout!
The gnoll hits you with a +0 flail.
You slash the gnoll! Your headbutt misses the gnoll.
The gnoll is severely wounded.
The gnoll hits you from afar with a +0 spear.
The gnoll is engulfed in blazing flames.
You kill the gnoll!
The gnoll barely misses you.
The gnoll hits you from afar with a +0 halberd.
The gnoll barely misses you. The gnoll hits you but does no damage.
The gnoll shouts!
You hit the gnoll. Your headbutt misses the gnoll.
The gnoll is moderately wounded.
The gnoll barely misses you. The gnoll closely misses you.
You closely miss the gnoll. Your headbutt misses the gnoll.
The gnoll is moderately wounded.
The gnoll barely misses you.
The gnoll hits you from afar with a +0 halberd.
You block the gnoll's attack.
You completely miss the gnoll. Your headbutt misses the gnoll.
The gnoll is moderately wounded.
The gnoll closely misses you. You block the gnoll's attack.
The gnoll barely misses you.
You closely miss the gnoll.
The gnoll is moderately wounded.
You block the gnoll's attack. x2
You block the gnoll's attack. The gnoll closely misses you.
The gnoll hits you but does no damage. Space warps horribly around you!
* * * LOW HITPOINT WARNING * * *
Things that are here:
a +0 flail; a gnoll corpse Unknown command.
You closely miss the gnoll. You headbutt the gnoll.
The gnoll is heavily wounded.
You hit the gnoll. x2; The gnoll hits you with a +0 spear!
You die...

#.###### #..........# #.#.
#......# ###.######.###.#.
######.# #.# #....... #.#
#.# #####.## #.# ##'##
##...... #.# ##...##
#....... ### #.###.....##
#.#.....
##.###.##.......###.#....#
##...##.#g@.......#...#..#.
#.........gg......'....###.
##....#.#.........##....###
####.#.#.##.......###....#..
#........###.....## #...#...
#.####.### #....## #.##....
#.# #.# #.#'## #....... #.#
#.#####.#.# #######. #.#
#.......#.# #.


You could see 3 gnolls.

Vanquished Creatures
  A gnoll (D:2)
  An adder (D:2)
  2 worms (D:2)
  2 bats
  6 endoplasms
  2 giant cockroaches (D:2)
  5 hobgoblins
  3 jackals (D:2)
  3 kobolds
  A quokka (D:1)
  A ball python (D:2)
  A frilled lizard (D:2)
  3 goblins
  3 rats (D:2)
34 creatures vanquished.

Notes
Turn   | Place    | Note
-------+----------+-------------------------------------------
     0 | D:1      | thirtiethelement the Demonspawn Fighter began the quest for
                  | the Orb.
     0 | D:1      | Reached XP level 1. HP: 18/18 MP: 1/1
   365 | D:1      | Gained mutation: You have a pair of small horns on your
                  | head. [demonic ancestry]
   365 | D:1      | Reached XP level 2. HP: 24/24 MP: 2/2
   836 | D:2      | Gained mutation: Your demonic aura sometimes causes spilled
                  | blood to erupt in flames. [demonic ancestry]
   836 | D:2      | Reached XP level 3. HP: 26/29 MP: 3/3
  1242 | D:2      | Identified a scroll of acquirement
  1242 | D:2      | Acquired the ring "Senteore" {Will+ Str+2}
  1632 | D:2      | Slain by a gnoll

Illustrated notes

Levels and vault maps discovered:
D:1:      noname_arrival_rooms_in_the_neighbourhood, layout_loops_ring,
          palyth_stone_intersect, nrook_campfire
D:2:      layout_loops_corners, hangedman_feature_mirror, minmay_misc_feat_chi

Skill      XL: |  1  2  3 |
---------------+----------+-----
Shields        | 3 |  3.2
Axes           | 2 |  2.5
Armour         | 3 |  3.1
Fighting       | |  3.4
Dodging        | |  0.3

Action                     || total
---------------------------++-------
  Melee: War axe           ||    91
         Headbutt          ||    15
    Use: Scroll            ||     4
 Armour: Scale mail        ||    30
         Chain mail        ||     2
  Dodge: Dodged            ||    41
  Block: Buckler           ||    18

Table legend: (Time is in decaauts)
 A = Elapsed time spent in this place.
 B = Non-inter-level travel time spent in this place.
 C = Inter-level travel time spent in this place.
 D = Time resting spent in this place.
 E = Time spent auto-exploring this place.
 F = Levels seen in this place.
 G = Mean time per level.
                   A        B        C        D        E       F      G
               +--------+--------+--------+--------+--------+-----+--------+
         Total |   1669 |   1644 |     25 |     67 |   1301 |   2 |  834.5 |
       Dungeon |   1669 |   1644 |     25 |     67 |   1301 |   2 |  834.5 |
               +--------+--------+--------+--------+--------+-----+--------+

Top non-repeatable levels by time:
     D:2: 979 daAuts
     D:1: 690 daAuts
